 Dungeon Crawl Stone Soup version 0.20.1-1-g8b1a95d66d (webtiles) character file.

102 Norian the Conjurer (level 4, -2/24 HPs)
             Began as a Deep Elf Conjurer on Dec 10, 2017.
             Slain by Grinder (5 damage)
             ... on level 3 of the Dungeon on Dec 22, 2017.
             The game lasted 00:11:04 (2811 turns).

Norian the Conjurer (Deep Elf Conjurer)             Turns: 2811, Time: 00:11:05

Health: -2/24      AC:  3    Str:  5    XL:     4   Next: 50%
Magic:  5/13       EV: 13    Int: 21    God:
Gold:   162        SH:  0    Dex: 15    Spells: 10/13 levels left

rFire    . . .     SeeInvis .   r - +0 dagger
rCold    . . .     Gourm    .   (no shield)
rNeg     . . .     Faith    .   a - +0 robe
rPois    .         Spirit   .   g - +1 hat
rElec    .         Reflect  .   (no cloak)
rCorr    .         Harm     .   (no gloves)
MR       .....                  (no boots)
Stlth    ++........             (no amulet)
Regen    0.1/turn               (no ring)
MPRegen  0.2/turn               (no ring)

@: no status effects
A: no striking features
a: no special abilities


You were on level 3 of the Dungeon.
You were not hungry.

You visited 1 branch of the dungeon, and saw 3 of its levels.
You also visited: Sewer.

You collected 162 gold pieces.

Inventory:

Hand Weapons
 r - a +0 dagger (weapon)
Armour
 a - a +0 robe (worn)
 g - a +1 hat (worn)
 k - a +2 buckler
Wands
 u - a wand of polymorph (17/24)
Scrolls
 e - 3 scrolls of remove curse {unknown}
 f - 3 scrolls of recharging {unknown}
 h - 2 scrolls of amnesia {unknown}
 j - a scroll of immolation {unknown}
 m - a scroll of teleportation {unknown}
 t - a scroll of fog {unknown}
 w - a scroll of enchant weapon {unknown}
 x - a scroll of magic mapping {unknown}
Potions
 d - a potion of heal wounds {unknown}
 i - 5 potions of might {unknown}
 l - a potion of mutation {unknown}
 n - 2 potions of magic {unknown}
 o - a potion of resistance {unknown}
 q - 2 potions of haste {unknown}
 s - a potion of brilliance {unknown}
 v - a potion of flight {unknown}
Books
 b - a book of Conjurations

   Spells                             Type                      Level
   a - Magic Dart                     Conjuration                  1
   b - Searing Ray                    Conjuration                  2
   c - Dazzling Spray                 Conjuration/Hexes            3
   d - Fulminant Prism                Conjuration/Hexes            4
   e - Force Lance                    Conjuration/Translocation    4
   f - Iskenderun's Mystic Blast      Conjuration                  4
Comestibles
 p - a royal jelly


   Skills:
 - Level 2.4 Dodging
 - Level 2.4 Stealth
 + Level 5.0 Spellcasting
 + Level 5.6 Conjurations


You had 10 spell levels left.
You knew the following spells:

 Your Spells              Type           Power        Failure   Level  Hunger
a - Magic Dart            Conj           ####         1%          1    None
b - Searing Ray           Conj           ####..       1%          2    None


Dungeon Overview and Level Annotations

Branches:
Dungeon (3/15)

Altars:

Annotations:
D:3 Grinder


Message History

Pain shoots through your body!
Ouch! That really hurt!
Casting: Searing Ray
Confirm with . or Enter, or press ? or * to list all spells.
Aiming: Searing Ray
Press: ? - help, Shift-Dir - straight line, f/p - Grinder
Aim: Grinder (moderately wounded)
The searing ray hits Grinder.
Grinder is heavily wounded. (Press . to maintain the ray.) Grinder says, "Don't move a muscle."
The searing ray hits Grinder.
Grinder is severely wounded.
Grinder gestures at you. Pain shoots through your body!
* * * LOW HITPOINT WARNING * * *
The searing ray hits Grinder.
Grinder is almost dead.
Grinder hits you.
You die...

#### .?.###### #......†#
.......# .......#. #######
#........ #.....#
#........
#########.....####.)......
≈.............'.@5........
≈..######.....####........
≈.......####### ###.####.
##......'....# .#
........####.# $#
.....)..# #.# # ........#
#.# ........# #.# ##
........# #.# .#


You could see Grinder.

Vanquished Creatures
  3 adders
  A worm (D:2)
  2 dart slugs
  A leopard gecko (D:3)
  7 giant cockroaches
  8 hobgoblins
  10 jackals
  3 ball pythons (Sewer)
  5 bats
  4 frilled lizards
  6 goblins
  9 kobolds
  7 rats
66 creatures vanquished.

Vanquished Creatures (others)
  5 toadstools (D:1)
5 creatures vanquished.

Grand Total: 71 creatures vanquished

Notes
Turn   | Place    | Note
-------+----------+-------------------------------------------
     0 | D:1      | Norian the Deep Elf Conjurer began the quest for the Orb.
     0 | D:1      | Reached XP level 1. HP: 10/10 MP: 6/6
   570 | D:1      | Reached XP level 2. HP: 15/15 MP: 1/8
   939 | D:1      | Learned a level 2 spell: Searing Ray
  1320 | D:2      | Reached XP level 3. HP: 19/19 MP: 7/10
  1364 | D:2      | Reached skill level 5 in Conjurations
  1953 | D:3      | Reached XP level 4. HP: 24/24 MP: 6/12
  1955 | D:3      | Found a glowing drain.
  2006 | Sewer    | Entered a sewer
  2215 | Sewer    | Reached skill level 5 in Spellcasting
  2803 | D:3      | Noticed Grinder
  2811 | D:3      | Slain by Grinder

Skill      XL: |  1  2  3  4 |
---------------+-------------+-----
Spellcasting   | 4 5 |  5.0
Conjurations   | 5 |  5.6
Dodging        | |  2.4
Stealth        | |  2.4

Action                   |  1- 3 |  4- 6 || total
-------------------------+-------+-------++-------
Melee: Unarmed           |     9 |       ||     9
       Dagger            |       |    17 ||    17
 Cast: Magic Dart        |    83 |    38 ||   121
       Searing Ray       |     2 |     4 ||     6
  Eat: Chunk             |     3 |     1 ||     4
       Bread ration      |       |     1 ||     1
Armor: Robe              |     1 |     7 ||     8
Dodge: Dodged            |    16 |    26 ||    42
